[Event "GER-ch Youth-U10 2022"]
[Site "Willingen"]
[Date "2022.06.10"]
[Round "10.14"]
[White "Rudolph, Simon"]
[Black "Chua, Daniel James"]
[Result "1-0"]
[ECO "C60"]
[WhiteElo "1361"]
[BlackElo "1314"]
[Annotator "NA RC COMBH"]
[PlyCount "159"]
[EventDate "2022.06.05"]
[EventType "swiss"]
[EventRounds "11"]
[EventCountry "GER"]
[SourceTitle "playchess.com"]
[Source "ChessBase"]
[SourceQuality "1"]
[TimeControl "40/4500+30:900+30"]

1. e4 e5 2. Nf3 Nc6 3. Bb5 Nge7 4. O-O g6 5. c3 d6 6. d4 Bd7 7. Bg5 Bg7 8. Nbd2 f6 9. Be3 O-O 10. Bc4+ Kh8 11. d5 Nb8 12. h4 f5 13. exf5 Nxf5 14. Ng5 Nxh4 15. Ne6 Bxe6 16. dxe6 d5 17. e7 Qxe7 18. Bxd5 c6 19. Bb3 Nf5 20. Ne4 Nxe3 21. fxe3 Nd7 22. Rxf8+ Rxf8 23. Qd3 Nc5 24. Nxc5 Qxc5 25. Rf1 Rxf1+ 26. Kxf1 Qe7 27. Qc4 Qf8+ 28. Qf7 Qxf7+ 29. Bxf7 Bh6 30. Ke2 Kg7 31. Bb3 Kf6 32. Kf3 Kf5 33. Bc2+ Kf6 34. Bb3 b6 35. Bc2 a5 36. b3 Bf8 37. a4 Ba3 38. e4 Kg5 39. g4 c5 40. Bd3 Bb2 41. Bc4 Bxc3 42. Kg3 h6 43. Bd5 Be1+ 44. Kf3 Kh4 45. Bc4 Kh3 46. Be6 Kh4 47. Bc4 h5 48. gxh5 gxh5 49. Kg2 Kg4 50. Bd5 h4 51. Kh1 Kf4 52. Kh2 Bg3+ 53. Kh1 Kg4 54. Be6+ Kf3 55. Bd5 Ke3 56. Bc6 Kd3 57. Bd5 c4 58. bxc4 Kc3 59. Bc6 Kxc4 60. Bb5+ Kd4 61. Bc6 b5 62. axb5 Bf4 63. b6 Kc5 64. b7 Kxc6 65. b8=Q a4 66. Qe8+ Kc5 67. Qxa4 Bg3 68. Kg2 Bf4 69. Kh3 Bg3 70. Qd1 Kc4 71. Qd5+ Kc3 72. Kg4 Kb4 73. Qc6 Ka5 74. Qb7 Ka4 75. Qb1 Ka5 76. Kf3 Bf4 77. Ke2 h3 78. Kd3 h2 79. Kc4 h1=N 80. Qb5# 1-0

[Event "GER-ch Youth-U10 2022"]
[Site "Willingen"]
[Date "2022.06.10"]
[Round "10.15"]
[White "Van 't Hof, Eric"]
[Black "Kutz, Paul Matti"]
[Result "1/2-1/2"]
[ECO "C01"]
[WhiteElo "2081"]
[BlackElo "1202"]
[Annotator "TA"]
[PlyCount "81"]
[EventDate "2022.06.05"]
[EventType "swiss"]
[EventRounds "11"]
[EventCountry "GER"]
[SourceTitle "playchess.com"]
[Source "ChessBase"]
[SourceQuality "1"]
[TimeControl "40/4500+30:900+30"]

1. e4 e6 2. d4 d5 3. Nc3 Bb4 4. exd5 exd5 5. Bd3 Nf6 6. Nge2 c5 {[%emt 0:00:21] C01: French: Exchange Variation.} 7. dxc5 d4 {[%emt 0:00:32] [#]} (7... O-O $14) 8. a3 $146 (8. Nxd4 {looks sharper.} O-O 9. Be3 Bxc5 10. Ne6) ({Predecessor:} 8. Bb5+ Kf8 9. O-O a6 10. Nxd4 Qc7 11. Ba4 Bd7 12. Bb3 Nc6 13. Nxc6 Bxc6 14. Qd4 Qa5 15. Qc4 {1-0 (15) Caliguire,J (2088)-Smail,J ICCF email 2013}) 8... Bxc5 9. Ne4 Bb6 (9... Nxe4 $14 10. Bxe4 O-O) 10. O-O (10. Bg5 $1 $16) 10... Nc6 $2 (10... Nxe4 $14 11. Bxe4 O-O) 11. Bg5 $1 $18 {[%emt 0:00:45] Strongly threatening Nf4.} Be6 12. N2g3 {[%emt 0:01:01] Threatens to win with Nh5.} Qe7 $2 (12... h6) 13. Re1 $2 (13. Nh5) 13... h6 $2 {[%emt 0:03:07] [#]} (13... O-O-O 14. Nxf6 gxf6) 14. Bd2 $2 (14. Nf5 $1 $18 {[%mdl 512] is more deadly.} Qf8 15. Nxf6+ gxf6 16. Bxf6) 14... O-O (14... Nxe4 $16 15. Rxe4 (15. Nxe4 O-O-O $14) (15. Bxe4 O-O $14) 15... O-O-O) 15. Nxf6+ Qxf6 16. Ne4 $2 (16. Nh5 $18 Qh4 17. Re4) 16... Qe7 {[%emt 0:01:01] [#]} (16... Qh4 $11) 17. Qh5 $1 $16 {[%emt 0:08:11][%cal Od2h6] Bxh6! is the strong threat.} Bd8 (17... f5 $16 {is a better defense.}) 18. Nc5 Qh4 19. Qxh4 Bxh4 20. g3 $36 {[%emt 0:01:08][%mdl 2048] Keeping Black busy.} Bf6 21. Nxe6 fxe6 22. Rxe6 Rfe8 23. Rae1 Rxe6 24. Rxe6 Ne5 25. Bf4 (25. Be4 $18 {and the rest is easy.}) 25... Kf7 $2 (25... Nxd3 $16 26. cxd3 Rc8) 26. Rd6 $2 (26. Rxe5 $18 g5 27. Rb5 gxf4 28. Rxb7+ Ke6 29. gxf4) 26... Ke7 27. Bxe5 Bxe5 {[%emt 0:00:06][%mdl 4096] Endgame KRB-KRB} 28. Rd5 Bf6 29. Bf5 {[%emt 0:01:50] White is more active.} Rd8 {[%emt 0:00:22] Inhibits Rd7+.} 30. Rxd8 Kxd8 {[%emt 0:00:08] KB-KB} 31. b3 Ke7 32. Kf1 Kd6 33. f3 b6 34. h4 Ke5 35. Be4 Be7 36. a4 g5 37. hxg5 hxg5 {[%emt 0:00:07] White is slightly better.} 38. g4 Kf4 39. Ke2 Bb4 40. Kd3 Bc3 41. Bc6 {[%emt 0:15:34] Weighted Error Value: White=0.57/Black=0.70} 1/2-1/2

[Event "GER-ch Youth-U10 2022"]
[Site "Willingen"]
[Date "2022.06.10"]
[Round "10.17"]
[White "Teng, David"]
[Black "Yao, Haiyang"]
[Result "1-0"]
[ECO "C41"]
[WhiteElo "1423"]
[BlackElo "1098"]
[Annotator "NA RC COMBH"]
[PlyCount "89"]
[EventDate "2022.06.05"]
[EventType "swiss"]
[EventRounds "11"]
[EventCountry "GER"]
[SourceTitle "playchess.com"]
[Source "ChessBase"]
[SourceQuality "1"]
[TimeControl "40/4500+30:900+30"]

1. e4 e5 2. Nf3 d6 3. d4 Nd7 4. Bc4 c6 5. O-O Be7 6. dxe5 dxe5 7. Ng5 Bxg5 8. Qh5 g6 9. Qxg5 Qxg5 10. Bxg5 h6 11. Be3 Ngf6 12. Nc3 Nf8 13. Rad1 g5 14. f3 Ng6 15. g3 Rh7 16. Rd6 Ke7 17. Bc5 Nd7 18. Ba3 Kd8 19. Rfd1 Kc7 20. Kg2 h5 21. Bxf7 Rxf7 22. Rxg6 g4 23. Bd6+ Kb6 24. fxg4 hxg4 25. Na4+ Ka6 26. c4 b6 27. Bb4 Kb7 28. Rdd6 Nb8 29. Bc3 Bd7 30. Bxe5 Na6 31. Bf4 Raf8 32. e5 Be8 33. Rh6 Nb4 34. e6 Rf5 35. Rh7+ Ka6 36. c5 Nxa2 37. Rd8 Nc1 38. Re7 Ne2 39. Rexe8 Nxf4+ 40. gxf4 Rxe8 41. Rxe8 Rxf4 42. Nc3 bxc5 43. e7 Rf7 44. Ne4 Kb5 45. Nd6+ 1-0

[Event "GER-ch Youth-U10 2022"]
[Site "Willingen"]
[Date "2022.06.10"]
[Round "10.18"]
[White "Wang, Kaiwen"]
[Black "Classen, Marnin"]
[Result "1-0"]
[ECO "C00"]
[WhiteElo "1151"]
[BlackElo "1168"]
[Annotator "NA RC COMBH"]
[PlyCount "111"]
[EventDate "2022.06.05"]
[EventType "swiss"]
[EventRounds "11"]
[EventCountry "GER"]
[SourceTitle "playchess.com"]
[Source "ChessBase"]
[SourceQuality "1"]
[TimeControl "40/4500+30:900+30"]

1. e4 e6 2. b3 d5 3. Bb2 Nf6 4. e5 Nfd7 5. Nf3 Nc6 6. d4 b6 7. Be2 Na5 8. O-O c5 9. c3 Nc6 10. Nfd2 Qh4 11. f4 Be7 12. Bc1 cxd4 13. Nf3 Qh6 14. f5 Qh5 15. Nxd4 Qh4 16. Nxc6 Bc5+ 17. Nd4 Nxe5 18. fxe6 fxe6 19. Kh1 Bd6 20. Qe1 Qxe1 21. Rxe1 O-O 22. Bg5 h6 23. Bh4 Ng4 24. Bxg4 Rf4 25. Bg3 Rxg4 26. Bxd6 Rg6 27. Nc6 Kh7 28. Ne5 Rf6 29. Nd2 Bb7 30. Ndf3 Rf5 31. g4 Rf4 32. Kg2 Rd8 33. Ba3 d4 34. Kg3 g5 35. Nxd4 Rdf8 36. Bxf8 Rxf8 37. Nxe6 Re8 38. Nd4 Rf8 39. Rf1 Re8 40. Nc4 Bd5 41. Rae1 Rd8 42. Re7+ Kg8 43. Ne6 Bxe6 44. Rxe6 Kg7 45. Re7+ Kg8 46. Rxa7 Rd3+ 47. Rf3 Rd8 48. Nxb6 Kh8 49. c4 Kg8 50. c5 Rd1 51. c6 Rc1 52. Rd3 Rf1 53. c7 Rf8 54. c8=Q Rxc8 55. Nxc8 Kf8 56. Rd8# 1-0

[Event "GER-ch Youth-U10 2022"]
[Site "Willingen"]
[Date "2022.06.10"]
[Round "10.19"]
[White "Heitmann, Erik"]
[Black "Hagn, Tobias"]
[Result "0-1"]
[ECO "D15"]
[WhiteElo "1287"]
[BlackElo "1337"]
[Annotator "NA RC COMBH"]
[PlyCount "116"]
[EventDate "2022.06.05"]
[EventType "swiss"]
[EventRounds "11"]
[EventCountry "GER"]
[SourceTitle "playchess.com"]
[Source "ChessBase"]
[SourceQuality "1"]
[TimeControl "40/4500+30:900+30"]

1. d4 d5 2. c4 c6 3. Nc3 Nf6 4. Nf3 dxc4 5. e4 b5 6. Be2 e6 7. O-O Bb4 8. Bg5 h6 9. Bxf6 Qxf6 10. e5 Qd8 11. Nd2 Qxd4 12. Rc1 O-O 13. Ndb1 Qxd1 14. Rfxd1 Nd7 15. Bf3 Nxe5 16. a3 Nxf3+ 17. gxf3 Be7 18. Nd2 Bg5 19. Nce4 Bf4 20. b3 cxb3 21. Rxc6 Bb7 22. Rc5 Rfd8 23. Rxb5 Bxe4 24. fxe4 Rxd2 25. Rxd2 Bxd2 26. Rxb3 Rc8 27. Rb7 a5 28. Rd7 Bc1 29. Ra7 Bxa3 30. Rxa5 Be7 31. Kg2 Bg5 32. Kg3 Rc3+ 33. f3 Bd2 34. Ra8+ Kh7 35. Ra7 Kg6 36. Ra1 Rc1 37. Ra2 Be3 38. Rg2 Rg1 39. Rxg1 Bxg1 40. f4 f5 41. e5 Kh5 42. h3 g5 43. fxg5 hxg5 44. Kg2 Bd4 45. Kf3 Bxe5 46. Ke3 Kh4 47. Kf2 Kxh3 48. Kg1 g4 49. Kh1 g3 50. Kg1 Bd4+ 51. Kf1 g2+ 52. Ke2 g1=Q 53. Kd3 Qe3+ 54. Kc4 Qc3+ 55. Kb5 Qc5+ 56. Ka4 Qb6 57. Ka3 Qb5 58. Ka2 Qb2# 0-1

[Event "GER-ch Youth-U10 2022"]
[Site "Willingen"]
[Date "2022.06.10"]
[Round "10.20"]
[White "Menke, Raphael Wilhelm"]
[Black "Fels, Mattis"]
[Result "1/2-1/2"]
[ECO "B23"]
[WhiteElo "1212"]
[BlackElo "1395"]
[Annotator "NA RC COMBH"]
[PlyCount "142"]
[EventDate "2022.06.05"]
[EventType "swiss"]
[EventRounds "11"]
[EventCountry "GER"]
[SourceTitle "playchess.com"]
[Source "ChessBase"]
[SourceQuality "1"]
[TimeControl "40/4500+30:900+30"]

1. e4 c5 2. Nc3 Nc6 3. f4 e6 4. Bb5 Qc7 5. Bxc6 Qxc6 6. Nf3 Ne7 7. d3 d5 8. O-O a6 9. Qe1 g6 10. Qh4 Bg7 11. Bd2 b5 12. Rae1 d4 13. Ne2 Qb6 14. Kh1 Bb7 15. Ng3 Qd6 16. Re2 O-O 17. Ng5 h5 18. e5 Qd7 19. N5e4 Bxe4 20. Nxe4 Nf5 21. Nf6+ Bxf6 22. Qxf6 Qd8 23. Qxd8 Rfxd8 24. g3 Rdc8 25. c3 c4 26. Rf3 dxc3 27. bxc3 b4 28. dxc4 Rxc4 29. Ref2 Rac8 30. cxb4 Rc2 31. a3 Nd4 32. Rd3 R8c4 33. Be3 Rxf2 34. Bxf2 Nf5 35. Kg2 Kg7 36. Kf3 f6 37. exf6+ Kxf6 38. h3 g5 39. Be3 Nxe3 40. Rxe3 gxf4 41. gxf4 Rd4 42. Re5 Rd3+ 43. Re3 Rd4 44. Rc3 Rd5 45. a4 Rd4 46. Rb3 Kf5 47. Kg3 Rxf4 48. Rf3 h4+ 49. Kf2 Rxf3+ 50. Kxf3 Ke5 51. b5 axb5 52. axb5 Kd6 53. Ke4 Kc5 54. Ke5 Kxb5 55. Kxe6 Kc6 56. Kf6 Kd6 57. Kf5 Kd5 58. Kg5 Ke5 59. Kxh4 Kf4 60. Kh5 Kf5 61. Kh6 Kf6 62. h4 Kf5 63. h5 Kf6 64. Kh7 Kf7 65. Kh6 Kf6 66. Kh7 Kf7 67. h6 Kf8 68. Kg6 Kg8 69. Kh5 Kh7 70. Kg5 Kg8 71. Kg6 Kh8 1/2-1/2

[Event "GER-ch Youth-U10 2022"]
[Site "Willingen"]
[Date "2022.06.10"]
[Round "10.21"]
[White "Tak, Rannveer"]
[Black "Hellriegel, Hannes"]
[Result "1-0"]
[ECO "C68"]
[WhiteElo "1746"]
[BlackElo "1335"]
[Annotator "NA RC COMBH"]
[PlyCount "121"]
[EventDate "2022.06.05"]
[EventType "swiss"]
[EventRounds "11"]
[EventCountry "GER"]
[SourceTitle "playchess.com"]
[Source "ChessBase"]
[SourceQuality "1"]
[TimeControl "40/4500+30:900+30"]

1. e4 e5 2. Nf3 Nc6 3. Bb5 a6 4. Bxc6 dxc6 5. O-O Be6 6. Nxe5 Qd4 7. Nf3 Qxe4 8. Re1 Qd5 9. Nc3 Qd8 10. d4 Be7 11. Bf4 Nf6 12. Ng5 Bf5 13. Re5 Qd7 14. Nge4 O-O 15. Ng3 Bg6 16. Qd2 Bd6 17. Re2 Rac8 18. Bxd6 cxd6 19. Rae1 Rfe8 20. Nce4 Nxe4 21. Nxe4 Bxe4 22. Rxe4 Rxe4 23. Rxe4 Re8 24. Rxe8+ Qxe8 25. Kf1 h6 26. Qe2 Kf8 27. c4 Qxe2+ 28. Kxe2 Ke7 29. Ke3 Ke6 30. a4 g5 31. f4 f5 32. a5 Kf6 33. b4 g4 34. d5 cxd5 35. cxd5 h5 36. b5 axb5 37. Kd4 Ke7 38. Kc3 Kd7 39. Kb4 Kc7 40. Kxb5 h4 41. g3 h3 42. a6 bxa6+ 43. Kxa6 Kc8 44. Kb6 Kd7 45. Kb7 Kd8 46. Kc6 Ke7 47. Kc7 Ke8 48. Kxd6 Kd8 49. Ke6 Kc7 50. Ke7 Kb6 51. d6 Kb5 52. d7 Kb4 53. d8=Q Kb3 54. Qd4 Ka2 55. Qc3 Kb1 56. Qd2 Ka1 57. Kd6 Kb1 58. Kc5 Ka1 59. Kb4 Kb1 60. Kb3 Ka1 61. Qb2# 1-0

[Event "GER-ch Youth-U10 2022"]
[Site "Willingen"]
[Date "2022.06.10"]
[Round "10.22"]
[White "Svanidze, Alexander"]
[Black "Andersen, Jonatan M"]
[Result "1-0"]
[ECO "B45"]
[WhiteElo "1348"]
[BlackElo "1857"]
[Annotator "NA RC COMBH"]
[PlyCount "63"]
[EventDate "2022.06.05"]
[EventType "swiss"]
[EventRounds "11"]
[EventCountry "GER"]
[SourceTitle "playchess.com"]
[Source "ChessBase"]
[SourceQuality "1"]
[TimeControl "40/4500+30:900+30"]

1. e4 c5 2. Nf3 e6 3. d4 cxd4 4. Nxd4 Nc6 5. Nc3 Nf6 6. Be2 Bb4 7. Bf3 d5 8. exd5 Nxd5 9. Nxc6 Bxc3+ 10. bxc3 bxc6 11. c4 Ne7 12. Qxd8+ Kxd8 13. Ba3 Bd7 14. O-O Ng6 15. Rad1 Kc7 16. Bd6+ Kb7 17. Rb1+ Kc8 18. Rb3 Rd8 19. Rfb1 Be8 20. Bg3 e5 21. Be4 f6 22. c5 Rd4 23. Bd3 Rd7 24. Bf5 Kd8 25. Bxd7 Bxd7 26. Rd1 Kc7 27. Rdb1 Bc8 28. f3 Ba6 29. Rd1 Nf8 30. Be1 Bb5 31. c4 Ba4 32. Ba5+ 1-0

[Event "GER-ch Youth-U10 2022"]
[Site "Willingen"]
[Date "2022.06.10"]
[Round "10.23"]
[White "Li, Joshua"]
[Black "Wagener, Nicolas"]
[Result "1-0"]
[ECO "B43"]
[WhiteElo "1599"]
[BlackElo "1315"]
[Annotator "NA RC COMBH"]
[PlyCount "65"]
[EventDate "2022.06.05"]
[EventType "swiss"]
[EventRounds "11"]
[EventCountry "GER"]
[SourceTitle "playchess.com"]
[Source "ChessBase"]
[SourceQuality "1"]
[TimeControl "40/4500+30:900+30"]

1. e4 c5 2. Nf3 e6 3. d4 cxd4 4. Nxd4 a6 5. Nc3 Qc7 6. Bd3 Bc5 7. Nb3 Ba7 8. Qg4 g6 9. O-O d6 10. Qf3 Nc6 11. a3 b5 12. Na2 Bb7 13. Bd2 Ne5 14. Qg3 Nf6 15. Bc3 Nh5 16. Qh4 f5 17. Kh1 Bb8 18. Be2 Ng7 19. Qf6 Bxe4 20. f4 Ng4 21. Bxg4 Rg8 22. Bf3 Bxc2 23. Bxa8 Bxb3 24. Nb4 d5 25. Be5 Qc8 26. Bc6+ Qxc6 27. Nxc6 Kd7 28. Nxb8+ Rxb8 29. Qxg7+ Ke8 30. Bf6 Rb7 31. Qxb7 Kf8 32. Qe7+ Kg8 33. Qe8# 1-0

[Event "GER-ch Youth-U10 2022"]
[Site "Willingen"]
[Date "2022.06.10"]
[Round "10.24"]
[White "Leonhardt, Max"]
[Black "Schmidt, Jossip"]
[Result "1-0"]
[ECO "D52"]
[WhiteElo "1114"]
[BlackElo "1085"]
[Annotator "NA RC COMBH"]
[PlyCount "78"]
[EventDate "2022.06.05"]
[EventType "swiss"]
[EventRounds "11"]
[EventCountry "GER"]
[SourceTitle "playchess.com"]
[Source "ChessBase"]
[SourceQuality "1"]
[TimeControl "40/4500+30:900+30"]

1. d4 d5 2. c4 e6 3. Nc3 Nf6 4. Nf3 c6 5. Bg5 Nbd7 6. e3 Qa5 7. a3 Ne4 8. Qc2 Bb4 9. Rc1 Bxc3+ 10. bxc3 Qxa3 11. Bd3 O-O 12. O-O Nef6 13. c5 b6 14. Ra1 Qxa1 15. Rxa1 Bb7 16. Ne5 h6 17. Nxd7 Nxd7 18. Bf4 Rfe8 19. cxb6 Nxb6 20. g4 g5 21. Bh7+ Kf8 22. Bd6+ Kg7 23. f4 Nc4 24. Be5+ Kf8 25. fxg5 hxg5 26. h4 Nxe3 27. Qe2 Nc4 28. hxg5 Ke7 29. g6 fxg6 30. Bxg6 Rf8 31. Rf1 Rg8 32. Rf7+ Kd8 33. Rxb7 Rxg6 34. Kh2 a5 35. Rb8+ Rxb8 36. Bxb8 Kc8 37. Be5 a4 38. Qf3 Rg8 39. Qf7 Kd8 1-0

[Event "GER-ch Youth-U10 2022"]
[Site "Willingen"]
[Date "2022.06.10"]
[Round "10.27"]
[White "Antonius, Richard-Malte"]
[Black "Rinke, Alexander"]
[Result "1-0"]
[ECO "D02"]
[WhiteElo "1106"]
[BlackElo "1292"]
[Annotator "NA RC COMBH"]
[PlyCount "127"]
[EventDate "2022.06.05"]
[EventType "swiss"]
[EventRounds "11"]
[EventCountry "GER"]
[SourceTitle "playchess.com"]
[Source "ChessBase"]
[SourceQuality "1"]
[TimeControl "40/4500+30:900+30"]

1. d4 d5 2. c3 c6 3. Nf3 Nf6 4. Bf4 Bf5 5. e3 e6 6. Bd3 Bxd3 7. Qxd3 Be7 8. h3 O-O 9. O-O Nbd7 10. Nbd2 c5 11. Rfe1 cxd4 12. exd4 Rc8 13. Rac1 a6 14. Ne5 Nxe5 15. Bxe5 Bd6 16. Bxd6 Qxd6 17. Nf3 Ne4 18. Nd2 Nxd2 19. Qxd2 b5 20. a3 Rc4 21. Rc2 Rfc8 22. Rec1 a5 23. f3 b4 24. axb4 axb4 25. cxb4 Rxc2 26. Rxc2 Rxc2 27. Qxc2 Qxb4 28. Qc8+ Qf8 29. Qxf8+ Kxf8 30. Kf2 Ke7 31. Ke2 Kd6 32. Kd3 f6 33. f4 h6 34. h4 g5 35. hxg5 hxg5 36. fxg5 fxg5 37. g4 e5 38. dxe5+ Kxe5 39. b4 Kd6 40. Kd4 Kc6 41. b5+ Kxb5 42. Kxd5 Kb6 43. Ke5 Kc7 44. Kf5 Kd8 45. Kxg5 Ke8 46. Kg6 Kf8 47. Kh7 Kf7 48. g5 Kf8 49. g6 Ke7 50. g7 Ke6 51. g8=Q+ Ke5 52. Qg4 Kd6 53. Qf5 Kc6 54. Qe5 Kd7 55. Qf6 Kc7 56. Qe6 Kb8 57. Qd7 Ka8 58. Kg8 Kb8 59. Kf8 Ka8 60. Ke8 Kb8 61. Ke7 Ka8 62. Kd6 Kb8 63. Kc6 Ka8 64. Qb7# 1-0

[Event "GER-ch Youth-U10 2022"]
[Site "Willingen"]
[Date "2022.06.11"]
[Round "11.1"]
[White "Nezhyvenko, Mykhaylo"]
[Black "Bundan, Edward"]
[Result "1-0"]
[ECO "C05"]
[WhiteElo "1488"]
[BlackElo "1240"]
[Annotator "NA RC COMBH"]
[PlyCount "89"]
[EventDate "2022.06.05"]
[EventType "swiss"]
[EventRounds "11"]
[EventCountry "GER"]
[SourceTitle "playchess.com"]
[Source "ChessBase"]
[SourceQuality "1"]
[TimeControl "40/4500+30:900+30"]

1. e4 e6 2. d4 d5 3. Nc3 Nf6 4. e5 Nfd7 5. Nce2 c5 6. c3 Nc6 7. f4 Qb6 8. Nf3 Be7 9. g3 O-O 10. Bh3 cxd4 11. cxd4 Bb4+ 12. Bd2 Bxd2+ 13. Qxd2 Qb4 14. Nc3 Nb6 15. b3 Bd7 16. O-O Rac8 17. Rac1 Rfe8 18. g4 Ne7 19. Qd3 Ng6 20. Qd2 Ne7 21. Ne1 Nc6 22. Nc2 Qe7 23. f5 exf5 24. gxf5 Qh4 25. Bg2 Qg4 26. Ne2 Ne7 27. Ng3 Bb5 28. Rf2 Rc7 29. Re1 Rec8 30. Ne3 Qg5 31. f6 Nc6 32. Rf5 Qh6 33. Rh5 Qf4 34. Ngf5 g6 35. Rh4 Qg5 36. Rg4 Qh5 37. Bf3 Qh3 38. Rg3 Qxg3+ 39. Nxg3 Nd8 40. Nxd5 Nxd5 41. Bxd5 Rc2 42. Qh6 Ne6 43. Bxe6 Rg2+ 44. Kxg2 Rc2+ 45. Kg1 1-0

[Event "GER-ch Youth-U10 2022"]
[Site "Willingen"]
[Date "2022.06.11"]
[Round "11.2"]
[White "Campora, Daniel H."]
[Black "Zhang, Yibo"]
[Result "0-1"]
[ECO "A46"]
[WhiteElo "2397"]
[BlackElo "1436"]
[Annotator "TA"]
[PlyCount "96"]
[EventDate "2022.06.05"]
[EventType "swiss"]
[EventRounds "11"]
[EventCountry "GER"]
[SourceTitle "playchess.com"]
[Source "ChessBase"]
[SourceQuality "1"]
[TimeControl "40/4500+30:900+30"]

1. d4 d5 2. e3 Nf6 3. f4 c5 4. c3 Nc6 5. Bd3 Qb6 6. Nf3 g6 7. O-O Bg7 8. Nbd2 O-O 9. Ne5 cxd4 10. exd4 Nxe5 {[%emt 0:00:12] A46: 1 d4 Nf6 2 Nf3 e6: Torre, London and Colle Systems.} 11. fxe5 Ng4 12. Nf3 Nxe5 $1 {[%emt 0:01:01] The position is equal.} 13. Nxe5 Bxe5 14. Qe2 Bf6 {[%emt 0:00:24] [#]} (14... f6 {seems wilder.} 15. Bh6 Rf7 16. Rae1 Bc7) 15. Rb1 $146 ({Predecessor:} 15. Bh6 Rd8 16. Rae1 Be6 17. h4 Qc7 18. Bf4 Qd7 19. g3 Bh3 20. Rf2 Qg4 21. Qxg4 Bxg4 {0-1 (39) Yaman,S (1342)-Ilkbahar,N (1618) Konya 2017}) 15... a6 16. Bh6 Re8 17. Qf3 Be6 18. Kh1 (18. Qf4 {keeps more tension.} Bg7 19. Qh4 Bh8 20. Rf3) 18... Bg7 19. Bf4 Qc6 20. Rbe1 b5 21. Be3 Rf8 22. a3 Rae8 23. Ra1 Bd7 24. a4 (24. Bc2 $142) 24... bxa4 $17 25. Bc2 Qc4 26. Qd1 a3 27. Rxa3 Bg4 28. Bd3 $15 Bxd1 29. Bxc4 dxc4 30. Rxd1 Rb8 31. Rb1 (31. Rd2 $11 {keeps the balance.}) 31... e5 $17 32. dxe5 Bxe5 33. Kg1 Rb7 34. Bc5 Rd8 35. Bb4 Rd2 {[%emt 0:01:37][%cal Oe5d4] Black is more active.} 36. Rxa6 Bd4+ 37. Kh1 $11 {[%emt 0:00:58] [#] aiming for Ra8+.} Rxb4 38. cxd4 (38. cxb4 $11 Bxb2 39. h3) 38... Rbxb2 $15 {[%emt 0:00:52][%cal Rb2b1][%mdl 4096] Endgame KRR-KRR} 39. Rc1 c3 40. Raa1 c2 {[%emt 0:00:38][%cal Ob2a2] [#] ( -> ...Ra2!)} 41. g3 Kg7 42. Kg1 Rxd4 (42... Rb4 $142 43. Re1 Rbxd4) 43. Kf1 Rd2 44. h4 Kf6 {[%emt 0:03:38] Black mates.} 45. Ke1 Rh2 46. g4 Ke5 47. Ra4 Rb1 48. Ra1 Rxa1 {[%emt 0:00:04] Weighted Error Value: White=0.82/Black=0.32} 0-1

[Event "GER-ch Youth-U10 2022"]
[Site "Willingen"]
[Date "2022.06.11"]
[Round "11.3"]
[White "Peglau, Paul David"]
[Black "Rodriguez Klasen, Ennio"]
[Result "1-0"]
[ECO "B03"]
[WhiteElo "1623"]
[BlackElo "1315"]
[Annotator "NA RC COMBH"]
[PlyCount "115"]
[EventDate "2022.06.05"]
[EventType "swiss"]
[EventRounds "11"]
[EventCountry "GER"]
[SourceTitle "playchess.com"]
[Source "ChessBase"]
[SourceQuality "1"]
[TimeControl "40/4500+30:900+30"]

1. e4 Nf6 2. e5 Nd5 3. c4 Nb6 4. d4 d6 5. f4 dxe5 6. fxe5 Nc6 7. Be3 g6 8. Nc3 Bg7 9. Nf3 Bg4 10. Qd2 Qd7 11. h3 Bxf3 12. gxf3 O-O-O 13. O-O-O e6 14. f4 Ne7 15. Ne4 Qc6 16. Qc2 Nf5 17. Bf2 Bh6 18. b3 Bxf4+ 19. Kb1 Be3 20. Bg2 Kb8 21. Qe2 Bxd4 22. Bxd4 Nxd4 23. Qf2 Nf5 24. Nf6 Nd5 25. cxd5 Qc3 26. dxe6 fxe6 27. Qf3 Qxf3 28. Bxf3 Nd4 29. Bg2 Ne2 30. Kb2 Nf4 31. Be4 h6 32. Nd7+ Kc8 33. Nc5 c6 34. Nd3 g5 35. Nxf4 gxf4 36. Rxd8+ Kxd8 37. Rf1 Rf8 38. Kc2 Kc7 39. Kd2 Kb6 40. Ke2 Kc5 41. Rd1 f3+ 42. Kf2 Rf4 43. Bxf3 Rf5 44. Rd7 Rxe5 45. Rxb7 Rf5 46. Rxa7 e5 47. Ke3 Kb6 48. Rh7 Rf6 49. Re7 Rf5 50. Re6 Kb7 51. Rxc6 Rxf3+ 52. Kxf3 Kxc6 53. Ke4 Kd6 54. a4 Ke6 55. a5 Kd6 56. b4 h5 57. b5 Kc5 58. a6 1-0

[Event "GER-ch Youth-U10 2022"]
[Site "Willingen"]
[Date "2022.06.11"]
[Round "11.4"]
[White "Shen, Tingrui"]
[Black "Stehning, Toni"]
[Result "1-0"]
[ECO "C54"]
[WhiteElo "1621"]
[BlackElo "1097"]
[Annotator "NA RC COMBH"]
[PlyCount "57"]
[EventDate "2022.06.05"]
[EventType "swiss"]
[EventRounds "11"]
[EventCountry "GER"]
[SourceTitle "playchess.com"]
[Source "ChessBase"]
[SourceQuality "1"]
[TimeControl "40/4500+30:900+30"]

1. e4 e5 2. Nf3 Nc6 3. Bc4 Nf6 4. d4 exd4 5. e5 d5 6. Bb5 Ne4 7. Nxd4 Bc5 8. c3 O-O 9. Bxc6 bxc6 10. O-O Qh4 11. f3 Ng5 12. f4 Ne4 13. Nd2 Ba6 14. Rf3 Rad8 15. Nxe4 dxe4 16. Rg3 Bb6 17. Qe1 f6 18. Rxg7+ Kxg7 19. Qxh4 fxe5 20. Qg5+ Kh8 21. Qxe5+ Kg8 22. Be3 Rd5 23. Qe6+ Kh8 24. f5 Bc8 25. Qxc6 Ra5 26. Bh6 Rc5 27. Qxe4 Bxf5 28. Qh4 Be6 29. Bxf8 1-0

[Event "GER-ch Youth-U10 2022"]
[Site "Willingen"]
[Date "2022.06.11"]
[Round "11.5"]
[White "Gersemann, Karl"]
[Black "Vartanian, Roman"]
[Result "0-1"]
[ECO "B90"]
[WhiteElo "1620"]
[BlackElo "1511"]
[Annotator "NA RC COMBH"]
[PlyCount "104"]
[EventDate "2022.06.05"]
[EventType "swiss"]
[EventRounds "11"]
[EventCountry "GER"]
[SourceTitle "playchess.com"]
[Source "ChessBase"]
[SourceQuality "1"]
[TimeControl "40/4500+30:900+30"]

1. e4 c5 2. Nf3 d6 3. d4 cxd4 4. Nxd4 Nf6 5. Nc3 a6 6. h3 Qc7 7. Be3 Nbd7 8. Qd3 e6 9. Nb3 Be7 10. f3 b6 11. O-O-O Bb7 12. Qe2 Rc8 13. g4 h6 14. Qg2 d5 15. exd5 Nxd5 16. Nxd5 Bxd5 17. Rd2 Bb4 18. Rf2 Qe5 19. Re2 Bc4 20. f4 Qc7 21. Rf2 Bd5 22. Qg1 Bxh1 23. Qxh1 Bd6 24. Bxa6 Rd8 25. f5 e5 26. Bb5 Be7 27. Rd2 O-O 28. Bxd7 Rxd7 29. Rxd7 Qxd7 30. Bxb6 Bg5+ 31. Kb1 Bd8 32. Be3 Be7 33. Kc1 Rd8 34. Qe1 Qd5 35. Qf1 Qe4 36. Bd2 Bg5 37. Bxg5 hxg5 38. Nd2 Qe3 39. Qd1 Qxh3 40. Qf3 Qh2 41. Qd1 e4 42. Qe1 Rxd2 43. Qxd2 Qg1+ 44. Qd1 Qf2 45. b3 e3 46. Qd8+ Kh7 47. Qxg5 e2 48. Kb2 e1=Q 49. Ka3 Qc5+ 50. Kb2 Qec3+ 51. Kb1 Qg1+ 52. Qc1 Qa1+ 0-1

[Event "GER-ch Youth-U10 2022"]
[Site "Willingen"]
[Date "2022.06.11"]
[Round "11.6"]
[White "Fischermann, Simon"]
[Black "Dotschuweit, Erik"]
[Result "1-0"]
[ECO "D20"]
[WhiteElo "1344"]
[BlackElo "1323"]
[Annotator "NA RC COMBH"]
[PlyCount "89"]
[EventDate "2022.06.05"]
[EventType "swiss"]
[EventRounds "11"]
[EventCountry "GER"]
[SourceTitle "playchess.com"]
[Source "ChessBase"]
[SourceQuality "1"]
[TimeControl "40/4500+30:900+30"]

1. d4 d5 2. c4 dxc4 3. Nc3 Nf6 4. e4 e5 5. d5 c6 6. Bxc4 b5 7. Bd3 b4 8. Nce2 cxd5 9. exd5 Qxd5 10. f3 Ba6 11. Qa4+ Qd7 12. Qxd7+ Kxd7 13. Bf5+ Kd8 14. Bg5 Be7 15. Bxf6 Bxf6 16. Be4 Nc6 17. Bxc6 Rc8 18. Be4 Ke7 19. Rc1 Rxc1+ 20. Nxc1 Bg5 21. Nd3 Rd8 22. Ke2 g6 23. g4 Ke6 24. Nh3 Bh6 25. Rd1 f5 26. Bb7 Bc4 27. b3 Bb5 28. g5 Bf8 29. Ke3 f4+ 30. Nhxf4+ exf4+ 31. Nxf4+ Ke7 32. Rxd8 Kxd8 33. Ne6+ Ke7 34. Nxf8 Kxf8 35. Kd4 Ke7 36. Kc5 a6 37. Kxb4 Ke6 38. Ka5 Be2 39. Bxa6 Bxf3 40. b4 Kf5 41. Bc8+ Kxg5 42. b5 Kh4 43. b6 g5 44. h3 g4 45. Bxg4 1-0